cohdb
Replays
Latest Replays
All Replays
Popular Replays
Top Player Replays
Match Explorer
How It Works
Community
CoH3 Stats
Reddit
Sign in to upload your games and track your stats! →
Sign in with Steam
Match 25240930
Unlisted
Match 25240930
Overview
Messages
Build Orders
End
Vickers Machine Gun Team
Construct Section Command Post
Dingo Light Scout Car
Selects Heavy Armor Battlegroup
ML 3-inch Mortar Team
Royal Engineer Section
Vickers Machine Gun Team
Construct Platoon Command Post
Humber Armored Car
Construct Field Infirmary
6-pounder Anti-tank Gun Team
Team Weapon Training
Selects Engineer Detachments
Royal Engineer Section
Royal Engineer Section
6-pounder Anti-tank Gun Team
Selects Crusader AA Medium Tank
Construct Company Command Post
Selects UNKNOWN (2162094)
Selects Light Vehicle Withdraw and Refit
Foot Guards Section
Foot Guards Section
Selects Radio Net
Churchill IV Heavy Tank
Selects Recon Artillery
Recon Artillery
Royal Engineer Section
Foot Guards Section
Churchill IV Heavy Tank
Armored Vehicle Training
Infantry Training
Royal Engineer Section
Royal Engineer Section
^3
JBQuib
0
0
Comments
sign in to comment!
No comments posted yet!